Ger, lawful male human Monk ---- ---- ------..-- -------..| ------ |.....(..---------.--.....---|....| |....|............*.........||....| ----@|---.-------..*%.. ---.---%^-- ------------ |h| --- .... |....|.--- |..--......| |.| .....|.).| --..........--- |.| ...--.--- |..(....`.....| |.| ....|...|--|...*%......|.--- |.| .|.----.|.--.%.%.%---.-|...| |.| |.......%|..| -----..| ---.<-------- ---- --- Ger the Novice Experience level: 4 Strength: 14 Dexterity: 12 Constitution: 12 Intelligence: 15 Wisdom: 12 Charisma: 10 Health: 0(28) Energy: 25(25) Def: 9 Gold: 102 Moves: 1539 Dungeon seed: rxuwbOofQQe1b9t9 Game ID: Ger_1554814389 Your Inventory: Coins $ - 102 gold pieces Armor e - a blessed +3 pair of leather gloves (being worn) n - an uncursed +3 robe (being worn) Comestibles d - 7 uncursed food rations f - an uncursed apple g - 7 uncursed oranges h - 5 uncursed fortune cookies q - an uncursed clove of garlic Spellbooks a - a blessed spellbook of protection l - an uncursed spellbook of detect monsters Potions c - 2 uncursed potions of healing i - a potion of holy water m - an uncursed potion of see invisible z - an uncursed potion of restore ability A - an uncursed potion of confusion B - an uncursed potion of extra healing Rings k - a cursed ring of teleportation (on left hand) Spells and supernatural/magical abilities: Name Level Category Fail Memory n - detect monsters 1 divination 0% 94% p - protection 1 clerical 0% 93% W - pray for help -- divine ? -- Your skills at the end: Fighting Skills martial arts [Basic] Weapon Skills Spellcasting Skills healing spells [Basic] Final Attributes: You were devoutly aligned. You were sleep resistant. You were poison resistant. You saw invisible. You could teleport. You were fast. You are dead (2nd time!). Vanquished creatures: 2 gnome lords a dwarf a werejackal 2 hobbits a large kobold 2 giant rats 3 cave spiders a yellow mold 7 gnomes 2 jackals 2 foxes 8 grid bugs 5 newts 37 creatures vanquished. Genocided species: manes homunculi imps lemures quasits tengu 6 species genocided. Voluntary challenges: You followed a strict vegan diet. You never hit with a wielded weapon. You read items or engraved 6 times, starting on turn 3. You genocided 6 types of monsters, starting on turn 36. You never polymorphed an object. You never changed form. You used no wishes. You never split a pudding. You never wrote Elbereth's name. You violated your moral code, losing 39 points of alignment, starting on turn 1078. Dungeon overview: The Dungeons of Doom: levels 1 to 4 Level 1 a long staircase Level 2 a scroll shop Level 3 Level 4 stairs to The Gnomish Mines The Gnomish Mines: Level 5 <- You were here stairs to The Dungeons of Doom History has recorded: On T:1 you entered the Dungeons of Doom to retrieve the Amulet of Yendor! On T:303 you reached level 2 of The Dungeons of Doom. On T:527 you reached level 3 of The Dungeons of Doom. On T:670 you advanced to experience level 2. On T:966 you reached level 4 of The Dungeons of Doom. On T:1094 you advanced to experience level 3. On T:1372 you reached level 1 of The Gnomish Mines. On T:1382 you advanced to experience level 4. On T:1535 you were saved from death by your amulet of life saving! Score breakdown: Gold: 102 ( 6846 points) Experience: 4 levels ( 9649 points) Exploration: 5 levels ( 10.20%) ( 8660 points) Discoveries: 7 items ( 2.50%) ( 4743 points) Valuables value: (no points given unless you survive) Artifact value: 0 ( 0 points) Variety of kills: 13 monsters ( 3.41%) ( 5541 points) Turncount: 1539 turns ( 0 points) Survival: died (score multiplied by 80%) Total score: 28351 Latest messages: You hit the dwarf king. You hit the dwarf king! The dwarf king wields a dagger! The dwarf king thrusts his dagger. The dwarf king hits! You die... But wait... Your medallion begins to glow! You feel much better! The medallion crumbles to dust! You survived that attempt on your life. You miss the dwarf king. You hit the dwarf king. The dwarf king thrusts his dagger. The dwarf king hits! The dwarf king thrusts his dagger. The dwarf king hits! You hit the dwarf king! (3x) The dwarf king thrusts his dagger. The dwarf king hits! You die... Final status: Goodbye Ger the Monk, killed by a dwarf king... You died in The Gnomish Mines on dungeon level 5 with 28351 points, and 102 pieces of gold, after 1539 moves. You were level 4 with a maximum of 28 hit points when you died.